 Dungeon Crawl Stone Soup version 0.27-a0-1196-g3e9cee4cb2 (console) character file.

Game seed: 17706241202312820855

53 Hector the Chopper (level 3, -3/23 HPs)
             Began as a Gargoyle Abyssal Knight on May 29, 2021.
             Was a Follower of Lugonu.
             Killed by divine providence
             ... invoked by an orc priest
              (12 damage)
             ... on level 2 of the Dungeon.
             The game lasted 00:02:25 (1681 turns).

Hector the Chopper (Gargoyle Abyssal Knight)        Turns: 1681, Time: 00:02:27

Health: -3/23      AC:  7    Str: 16    XL:     3   Next: 89%
Magic:  4/4        EV: 11    Int: 12    God:    Lugonu [*.....]
Gold:   57         SH:  0    Dex:  9    Spells: 2/2 levels left

rFire    . . .     SeeInvis .   a - +1 hand axe
rCold    . . .     Faith    .   (no shield)
rNeg     + . .     Spirit   .   b - +0 leather armour
rPois    ∞         Reflect  .   c - +0 helmet
rElec    +         Harm     .   (no cloak)
rCorr    .         Rampage  .   (no gloves)
Will     .....                  (no boots)
Stlth    ..........             (no amulet)
HPRegen  0.07/turn              (no ring)
MPRegen  0.09/turn              (no ring)

@: confused
A: sickness immunity, AC +3, negative energy resistance 1, electricity
resistance, torment resistance 1, petrification resistance
a: Renounce Religion, Depart the Abyss


You were on level 2 of the Dungeon.
You worshipped Lugonu.
Lugonu was aware of your devotion.
You visited 1 branch of the dungeon, and saw 2 of its levels.
You visited the Abyss 1 time.

You collected 57 gold pieces.

Inventory:

Hand Weapons
 a - a +1 hand axe (weapon)
Missiles
 d - 51 stones
Armour
 b - a +0 leather armour (worn)
 c - a +0 helmet (worn)
Jewellery
 h - a ring of fire
Scrolls
 f - a scroll of enchant weapon {unknown}
 g - 2 scrolls of identify {unknown}
Potions
 e - a potion of resistance {unknown}


   Skills:
 - Level 3.2 Fighting
 + Level 3.7 Axes
 - Level 2.1 Armour
 - Level 0.7 Dodging
 - Level 2.0 Invocations


You had 2 spell levels left.
You didn't know any spells.
Your spell library was empty.

Dungeon Overview and Level Annotations

Branches:
Dungeon (2/15)

Altars:


Innate Abilities, Weirdness & Mutations

You are immune to sickness and miasma.
Your stone body is resilient. (AC +3)
You are immune to poison.
You resist negative energy. (rN+)
You are resistant to electric shocks. (rElec)
You are resistant to unholy torment.
You are immune to petrification.


Message History

The adder hisses angrily.
You closely miss the adder. The adder barely misses you.
You hit the adder.
The adder is heavily wounded.
The adder bites you. The adder barely misses you.
You hit the adder.
The adder is severely wounded.
The adder bites you.
You slash the adder!
You kill the adder!
Lugonu accepts your kill.
No target in view!
An orc wizard comes into view. It is wielding a +0 dagger.
You start resting.
HP restored.
You start waiting.
Done waiting.
An orc wizard is nearby!
The orc wizard gestures at you while chanting.
The magic dart hits you.
An orc priest comes into view. It is wielding a +0 trident.
The orc priest shouts!
An orc comes into view. It is wielding a +0 whip.
The orc wizard hits you but does no damage.
You barely miss the orc wizard.
The orc shouts!
The orc wizard hits you with a +0 dagger.
The orc priest mumbles some strange prayers to Beogh against you.
Beogh smites you!
You hear a shout!
You are too injured to fight recklessly!
You slash the orc wizard!
The orc wizard is heavily wounded.
An orc comes into view. It is wielding a +0 war axe.
The orc wizard points at you and mumbles some strange words.
You are confused.
The orc priest calls down the wrath of Beogh upon you.
Beogh smites you!
Ouch! That really hurt!
You die...

... #o# #o# #o# #.#
############## #.#
.<..##8#8#8#8# #.#
###.##.#.#.#.####o#
#.............@.#
#..#.#.#.#.######
####8#8#8#8#
#########


You could see an orc priest, an orc wizard and 2 orcs.

Vanquished Creatures
  An adder (D:2)
  3 dart slugs (D:1)
  A bat (D:1)
  3 endoplasms
  A giant cockroach (D:1)
  3 goblins (D:1)
  2 hobgoblins (D:1)
  3 jackals (D:1)
  2 kobolds (D:1)
  A quokka (D:1)
  9 ball pythons (D:1)
  3 frilled lizards (D:1)
  2 rats (D:1)
34 creatures vanquished.

Notes
Turn   | Place    | Note
-------+----------+-------------------------------------------
     0 | Abyss:1  | Hector the Gargoyle Abyssal Knight began the quest for the
                  | Orb.
     0 | Abyss:1  | Reached XP level 1. HP: 14/14 MP: 2/2
   109 | Abyss:1  | Noticed a black draconian
   110 | D:1      | Escaped the Abyss
   313 | D:1      | Reached XP level 2. HP: 14/19 MP: 3/3
   586 | D:1      | Reached * piety under Lugonu
   727 | D:1      | Reached XP level 3. HP: 21/23 MP: 4/4
  1681 | D:2      | Killed from afar by an orc priest

Illustrated notes

Levels and vault maps discovered:
D:1:      lemuel_arrival_river_passageway, layout_loops_ring,
          hangedman_decor_slide_cut
D:2:      minmay_wonky_spiral, layout_loops_cross, minmay_misc_feat_hallway,
          corexii_leaking_fountain

Skill      XL: |  1  2 |
---------------+-------+-----
Axes           | 2 3 |  3.7
Fighting       | |  3.2
Armour         | |  2.1
Dodging        | |  0.7
Invocations    | |  2.0

Action                   || total
-------------------------++-------
Melee: Hand axe          ||   116
Invok: Depart the Abyss  ||     1
Armor: Leather armour    ||    49
Dodge: Dodged            ||    76

Table legend: (Time is in decaauts)
 A = Elapsed time spent in this place.
 B = Non-inter-level travel time spent in this place.
 C = Inter-level travel time spent in this place.
 D = Time resting spent in this place.
 E = Time spent auto-exploring this place.
 F = Levels seen in this place.
 G = Mean time per level.
                   A        B        C        D        E       F      G
               +--------+--------+--------+--------+--------+-----+--------+
         Total |   1722 |   1626 |     96 |    130 |   1224 |   3 |  574.0 |
       Dungeon |   1612 |   1516 |     96 |    130 |   1126 |   2 |  806.0 |
         Abyss |    110 |    110 |      0 |      0 |     98 |   1 |  110.0 |
               +--------+--------+--------+--------+--------+-----+--------+

Top non-repeatable levels by time:
     D:1: 1404 daAuts
     D:2: 207 daAuts
 Abyss:1: 110 daAuts
